| TOP OF THE 1ST |
|
Harrisburg Senators batting - Pitching for Pensacola Blue Wahoos : LHP Mark Sandoval
|
|
Pitching: LHP Mark Sandoval
|
|
|
Batting: LHB Kevin Kantor
|
0-0: Called Strike 0-1: Ball 1-1: Ground out 4-3 (Groundball, 34, EV 105.0 MPH)
|
|
Batting: RHB Er Le
|
0-0: Called Strike 0-1: Ball 1-1: Foul Ball, location: 2F 1-2: Ball 2-2: Strikes out looking
|
|
Batting: RHB Antonio Vallez
|
0-0: Fly out, F9 (Flyball, 9LDF, EV 93.8 MPH)
|
| Top of the 1st over - 0 runs, 0 hits, 0 errors, 0 left on base; Harrisburg 0 - Pensacola 0 |
| BOTTOM OF THE 1ST |
|
Pensacola Blue Wahoos batting - Pitching for Harrisburg Senators : LHP Mike Montgomery
|
|
Pitching: LHP Mike Montgomery
|
|
|
Batting: RHB Solange Le Coq
|
0-0: Ground out 5-3 (Groundball, 5, EV 90.6 MPH)
|
|
Batting: RHB Kevin Wick
|
0-0: Ball 1-0: Ball 2-0: Ball 3-0: Base on Balls
|
|
Batting: LHB Jamie Spangenberg
|
0-0: Swinging Strike 0-1: Ball 1-1: Ball 2-1: Called Strike 2-2: Foul Ball, location: 2F 2-2: Strikes out swinging
|
|
Batting: RHB Jonathan Robies
|
0-0: Ball 1-0: Foul Ball, location: 2F 1-1: SINGLE (Groundball, 34D, EV 100.0 MPH) Kevin Wick to second Runner from 2nd tries for 3rd, SAFE, throw by RF made at trailing runner, OUT! 9-6
|
| Bottom of the 1st over - 0 runs, 1 hit, 0 errors, 1 left on base; Harrisburg 0 - Pensacola 0 |
| TOP OF THE 2ND |
|
Harrisburg Senators batting - Pitching for Pensacola Blue Wahoos : LHP Mark Sandoval
|
|
Batting: RHB Taffounnout Kame
|
0-0: Ball 1-0: Swinging Strike 1-1: Foul Ball, location: 2F 1-2: Ball 2-2: Ball 3-2: Ground out 6-3 (Groundball, 6, EV 88.1 MPH)
|
|
Batting: RHB Qian Tai
|
0-0: Ball 1-0: Fly out, F7 (Flyball, 7S, EV 96.2 MPH)
|
|
Batting: RHB Aaron Bateman
|
0-0: Swinging Strike 0-1: Ball 1-1: Ball 2-1: Ball 3-1: Swinging Strike 3-2: Ground out 5-3 (Groundball, 5S, EV 62.5 MPH)
|
| Top of the 2nd over - 0 runs, 0 hits, 0 errors, 0 left on base; Harrisburg 0 - Pensacola 0 |
| BOTTOM OF THE 2ND |
|
Pensacola Blue Wahoos batting - Pitching for Harrisburg Senators : LHP Mike Montgomery
|
|
Batting: RHB Jose Nunez
|
0-0: Ball 1-0: Ball 2-0: Ball 3-0: Ground out 6-3 (Groundball, 6, EV 87.5 MPH)
|
|
Batting: RHB Mark Williams
|
0-0: Ball 1-0: SINGLE (Groundball, 34D, EV 108.1 MPH)
|
|
Batting: LHB John Wagner
|
0-0: Ball 1-0: Ball 2-0: TRIPLE (Line Drive, 9D, EV 103.8 MPH) Mark Williams scores
|
|
Batting: RHB Dinand Brouwer
|
0-0: Called Strike 0-1: Fly out, F8 (Flyball, 8RXD, EV 85.6 MPH) Runner from 3rd tags up, SCORES, no throw by CF
|
|
Batting: RHB Ryan Short
|
0-0: DOUBLE (Line Drive, 78D, EV 108.8 MPH)
|
|
Batting: RHB Solange Le Coq
|
0-0: Ball 1-0: Swinging Strike 1-1: Swinging Strike 1-2: Foul Ball, location: 2F 1-2: Ball 2-2: Foul Ball, location: 2F 2-2: Strikes out looking
|
| Bottom of the 2nd over - 2 runs, 3 hits, 0 errors, 1 left on base; Harrisburg 0 - Pensacola 2 |
| TOP OF THE 3RD |
|
Harrisburg Senators batting - Pitching for Pensacola Blue Wahoos : LHP Mark Sandoval
|
|
Batting: RHB Steve Kunselman
|
0-0: Ball 1-0: Ball 2-0: Swinging Strike 2-1: Ball 3-1: Called Strike 3-2: Strikes out swinging
|
|
Batting: LHB Vince McLane
|
0-0: Foul Ball, location: 2F 0-1: Foul Ball, location: 2F 0-2: SINGLE (Groundball, 5S, EV 67.5 MPH) (infield hit)
|
|
Batting: RHB Jessie Fisher
|
0-0: Ball 1-0: Foul Ball, location: 2F 1-1: Fly out, F4 (Line Drive, 4, EV 63.1 MPH)
|
|
Batting: LHB Kevin Kantor
|
0-0: Called Strike Vince McLane is caught stealing 2nd base 2-6
|
| Top of the 3rd over - 0 runs, 1 hit, 0 errors, 0 left on base; Harrisburg 0 - Pensacola 2 |
| BOTTOM OF THE 3RD |
|
Pensacola Blue Wahoos batting - Pitching for Harrisburg Senators : LHP Mike Montgomery
|
|
Batting: RHB Kevin Wick
|
0-0: Ball 1-0: Foul Ball, location: 2F 1-1: Foul Ball, location: 2F 1-2: Ball 2-2: Ground out 3-1 (Groundball, 34, EV 100.0 MPH)
|
|
Batting: LHB Jamie Spangenberg
|
0-0: Ball 1-0: Called Strike 1-1: Ball 2-1: Ball 3-1: Foul Ball, location: 2F 3-2: Base on Balls
|
|
Batting: RHB Jonathan Robies
|
0-0: Foul Ball, location: 2F 0-1: Ball 1-1: Ball 2-1: Grounds out, U3 (Groundball, 3L, EV 101.9 MPH)
|
|
Pitching: LHP Gregg Huddleston
|
|
|
Batting: RHB Jose Nunez
|
0-0: Called Strike 0-1: Ball 1-1: Ball 2-1: Foul Ball, location: 2F 2-2: Foul Ball, location: 2F 2-2: Ball 3-2: Base on Balls
|
|
Batting: RHB Mark Williams
|
0-0: Ball 1-0: Hit by Pitch Jamie Spangenberg to third Jose Nunez to second
|
|
Batting: LHB John Wagner
|
0-0: Swinging Strike 0-1: Foul Ball, location: 2F 0-2: Fly out, F7 (Flyball, 7D, EV 103.8 MPH)
|
| Bottom of the 3rd over - 0 runs, 0 hits, 0 errors, 3 left on base; Harrisburg 0 - Pensacola 2 |
| TOP OF THE 4TH |
|
Harrisburg Senators batting - Pitching for Pensacola Blue Wahoos : LHP Mark Sandoval
|
|
Batting: LHB Kevin Kantor
|
0-0: Called Strike 0-1: Ball 1-1: Ball 2-1: Called Strike 2-2: Ball 3-2: Ground out 6-3 (Groundball, 6, EV 103.8 MPH)
|
|
Batting: RHB Er Le
|
0-0: Ball 1-0: Swinging Strike 1-1: Ground out 4-3 (Groundball, 4M, EV 86.9 MPH)
|
|
Batting: RHB Antonio Vallez
|
0-0: Called Strike 0-1: Ball 1-1: Foul Ball, location: 2F 1-2: SINGLE (Groundball, 56D, EV 95.6 MPH)
|
|
Batting: RHB Taffounnout Kame
|
0-0: Swinging Strike 0-1: Ball Wild Pitch! Antonio Vallez to second 1-1: Swinging Strike 1-2: Ball 2-2: Ball 3-2: Base on Balls
|
|
Batting: RHB Qian Tai
|
0-0: Called Strike 0-1: Called Strike 0-2: Ball 1-2: Strikes out swinging
|
| Top of the 4th over - 0 runs, 1 hit, 0 errors, 2 left on base; Harrisburg 0 - Pensacola 2 |
| BOTTOM OF THE 4TH |
|
Pensacola Blue Wahoos batting - Pitching for Harrisburg Senators : LHP Gregg Huddleston
|
|
Batting: RHB Dinand Brouwer
|
0-0: Called Strike 0-1: Swinging Strike 0-2: Foul Ball, location: 2F 0-2: Hit by Pitch
|
|
Batting: RHB Ryan Short
|
0-0: Called Strike 0-1: Ground out 5-3 (Groundball, 56, EV 88.8 MPH) Dinand Brouwer to second
|
|
Batting: RHB Solange Le Coq
|
0-0: Ground out 4-3 (Groundball, 4D, EV 86.2 MPH) Dinand Brouwer to third
|
|
Batting: RHB Kevin Wick
|
0-0: Ball 1-0: Ball 2-0: Ground out 6-3 (Groundball, 6, EV 86.9 MPH)
|
| Bottom of the 4th over - 0 runs, 0 hits, 0 errors, 1 left on base; Harrisburg 0 - Pensacola 2 |
| TOP OF THE 5TH |
|
Harrisburg Senators batting - Pitching for Pensacola Blue Wahoos : LHP Mark Sandoval
|
|
Batting: RHB Aaron Bateman
|
0-0: Called Strike 0-1: Ball 1-1: Ball 2-1: DOUBLE (Flyball, 78D, EV 95.0 MPH)
|
|
Batting: RHB Steve Kunselman
|
0-0: Swinging Strike 0-1: Foul Ball, location: 2F 0-2: Ground out 5-3 (Groundball, 56S, EV 83.1 MPH)
|
|
Batting: LHB Vince McLane
|
0-0: Ball 1-0: Ball 2-0: Called Strike 2-1: Foul Ball, location: 2F 2-2: Strikes out swinging
|
|
Batting: RHB Jessie Fisher
|
0-0: Called Strike 0-1: Ball 1-1: Ball 2-1: Ball 3-1: Foul Ball, location: 2F 3-2: Base on Balls
|
|
Batting: LHB Kevin Kantor
|
0-0: Foul Ball, location: 2F 0-1: Swinging Strike 0-2: Ground out 4-3 (Groundball, 4, EV 84.4 MPH)
|
| Top of the 5th over - 0 runs, 1 hit, 0 errors, 2 left on base; Harrisburg 0 - Pensacola 2 |
| BOTTOM OF THE 5TH |
|
Pensacola Blue Wahoos batting - Pitching for Harrisburg Senators : LHP Gregg Huddleston
|
|
Batting: LHB Jamie Spangenberg
|
0-0: Ball 1-0: SINGLE (Groundball, 34D, EV 110.6 MPH)
|
|
Batting: RHB Jonathan Robies
|
0-0: Called Strike 0-1: Swinging Strike 0-2: Strikes out swinging
|
|
Batting: RHB Jose Nunez
|
0-0: Fly out, F8 (Flyball, 8LS, EV 81.2 MPH)
|
|
Batting: RHB Mark Williams
|
0-0: Ball 1-0: Ball 2-0: Called Strike 2-1: Foul Ball, location: 2F 2-2: Fly out, F9 (Flyball, 9S, EV 85.6 MPH)
|
| Bottom of the 5th over - 0 runs, 1 hit, 0 errors, 1 left on base; Harrisburg 0 - Pensacola 2 |
| TOP OF THE 6TH |
|
Harrisburg Senators batting - Pitching for Pensacola Blue Wahoos : LHP Mark Sandoval
|
|
Batting: RHB Er Le
|
0-0: Ball 1-0: Called Strike 1-1: Ball 2-1: Ball 3-1: Base on Balls
|
|
Batting: RHB Antonio Vallez
|
0-0: Ball 1-0: Ball 2-0: Foul Ball, location: 2F 2-1: Ball 3-1: Base on Balls Er Le to second
|
|
Pitching: RHP Tony Ortiz
|
|
|
Batting: RHB Taffounnout Kame
|
0-0: Ball 1-0: Ball 2-0: Called Strike 2-1: Ball 3-1: Called Strike 3-2: Fielders Choice at 2nd, 6-4 (Groundball, 6, EV 98.1 MPH) Er Le to third
|
|
Batting: RHB Qian Tai
|
0-0: Ball 1-0: Foul Ball, location: 2F 1-1: Called Strike Taffounnout Kame steals 2nd base 1-2: Strikes out swinging
|
|
Batting: RHB Aaron Bateman
|
0-0: Ball 1-0: Ball 2-0: Fly out, F7 (Line Drive, 78M, EV 91.2 MPH)
|
| Top of the 6th over - 0 runs, 0 hits, 0 errors, 2 left on base; Harrisburg 0 - Pensacola 2 |
| BOTTOM OF THE 6TH |
|
Pensacola Blue Wahoos batting - Pitching for Harrisburg Senators : LHP Gregg Huddleston
|
|
Batting: LHB John Wagner
|
0-0: Foul Ball, location: 2F 0-1: Fly out, F6 (Line Drive, 6D, EV 63.8 MPH)
|
|
Batting: RHB Dinand Brouwer
|
0-0: Foul Ball, location: 2F 0-1: Ball 1-1: Ball 2-1: Foul Ball, location: 2F 2-2: Ball 3-2: Base on Balls
|
|
Pitching: RHP Josh Jenkins
|
|
|
Batting: RHB Ryan Short
|
0-0: Called Strike 0-1: Grounds into double play, 5-4-3 (Groundball, 5, EV 100.0 MPH)
|
| Bottom of the 6th over - 0 runs, 0 hits, 0 errors, 0 left on base; Harrisburg 0 - Pensacola 2 |
| TOP OF THE 7TH |
|
Harrisburg Senators batting - Pitching for Pensacola Blue Wahoos : RHP Tony Ortiz
|
|
Pitching: LHP Juan Villegas
|
|
|
Batting: RHB Steve Kunselman
|
0-0: Foul Ball, location: 2F 0-1: Swinging Strike 0-2: Ball 1-2: Strikes out swinging
|
|
Pinch Hitting: RHB Xavier Reeves
|
0-0: Ball 1-0: Called Strike 1-1: TRIPLE (Flyball, 89XD, EV 108.8 MPH)
|
|
Batting: RHB Jessie Fisher
|
0-0: Called Strike Steal of home, Xavier Reeves is out 0-1: Foul Ball, location: 2F 0-2: Ground out 6-3 (Groundball, 6, EV 83.1 MPH)
|
| Top of the 7th over - 0 runs, 1 hit, 0 errors, 0 left on base; Harrisburg 0 - Pensacola 2 |
| BOTTOM OF THE 7TH |
|
Pensacola Blue Wahoos batting - Pitching for Harrisburg Senators : RHP Josh Jenkins
|
|
Now in LF: Chad Madsen
|
|
|
Now in RF: Steve Kunselman
|
|
|
Batting: RHB Solange Le Coq
|
0-0: Ball 1-0: Called Strike 1-1: Hit by Pitch
|
|
Batting: RHB Kevin Wick
|
0-0: Grounds out, U3 (Groundball, 3L, EV 82.5 MPH)
|
|
Batting: LHB Jamie Spangenberg
|
0-0: Called Strike Solange Le Coq steals 3rd base 0-1: Ball 1-1: Ground out 6-3 (Groundball, 6M, EV 84.4 MPH) Solange Le Coq scores
|
|
Batting: RHB Jonathan Robies
|
0-0: Called Strike 0-1: Ball 1-1: Ball 2-1: Ball 3-1: Base on Balls
|
|
Batting: RHB Jose Nunez
|
0-0: Fly out, F8 (Flyball, 8RXD, EV 96.9 MPH)
|
| Bottom of the 7th over - 1 run, 0 hits, 0 errors, 1 left on base; Harrisburg 0 - Pensacola 3 |
| TOP OF THE 8TH |
|
Harrisburg Senators batting - Pitching for Pensacola Blue Wahoos : LHP Juan Villegas
|
|
Batting: LHB Kevin Kantor
|
0-0: Foul Ball, location: 2F 0-1: Swinging Strike 0-2: Ball 1-2: Foul Ball, location: 2F 1-2: Ground out U3 (Groundball, 3L, EV 106.2 MPH)
|
|
Batting: RHB Er Le
|
0-0: Foul Ball, location: 2F 0-1: Fly out, F8 (Line Drive, 8LM, EV 84.4 MPH)
|
|
Batting: RHB Antonio Vallez
|
0-0: Ball 1-0: Foul Ball, location: 2F 1-1: Ball 2-1: Foul Ball, location: 2F 2-2: Ball 3-2: Foul Ball, location: 2F 3-2: Base on Balls
|
|
Batting: RHB Taffounnout Kame
|
0-0: Ball 1-0: Foul Ball, location: 2F 1-1: Ground out 5-3 (Groundball, 5L, EV 103.1 MPH)
|
| Top of the 8th over - 0 runs, 0 hits, 0 errors, 1 left on base; Harrisburg 0 - Pensacola 3 |
| BOTTOM OF THE 8TH |
|
Pensacola Blue Wahoos batting - Pitching for Harrisburg Senators : RHP Josh Jenkins
|
|
Pitching: RHP Caleb Westbay
|
|
|
Batting: RHB Mark Williams
|
0-0: Called Strike 0-1: Ball 1-1: Foul Ball, location: 2F 1-2: Foul Ball, location: 2F 1-2: Ball 2-2: Strikes out swinging
|
|
Batting: LHB John Wagner
|
0-0: Ball 1-0: Ground out 6-3 (Groundball, 6, EV 80.0 MPH)
|
|
Batting: RHB Dinand Brouwer
|
0-0: Called Strike 0-1: Swinging Strike 0-2: Strikes out swinging
|
| Bottom of the 8th over - 0 runs, 0 hits, 0 errors, 0 left on base; Harrisburg 0 - Pensacola 3 |
| TOP OF THE 9TH |
|
Harrisburg Senators batting - Pitching for Pensacola Blue Wahoos : LHP Juan Villegas
|
|
Pitching: LHP Keith Egan
|
|
|
Batting: RHB Qian Tai
|
0-0: Ball 1-0: Ball 2-0: Ground out 5-3 (Groundball, 56S, EV 81.9 MPH)
|
|
Batting: RHB Aaron Bateman
|
0-0: Foul Ball, location: 2F 0-1: Foul Ball, location: 2F 0-2: Ball 1-2: Foul Ball, location: 2F 1-2: Foul Ball, location: 2F 1-2: Strikes out swinging
|
|
Batting: RHB Steve Kunselman
|
0-0: Ground out 5-3 (Groundball, 56, EV 103.8 MPH)
|
| Top of the 9th over - 0 runs, 0 hits, 0 errors, 0 left on base; Harrisburg 0 - Pensacola 3 |
|